PBL
KANSAS CITY ROYALS @ MIAMI MARLINS
04/24/2071
 
TOP OF THE 1ST
Kansas City Royals batting - Pitching for Miami Marlins : LHP Pepe Elizondo
Pitching: LHP Pepe Elizondo
Batting: LHB Dan Heller 0-0: Foul Ball, location: 7LSF
0-1: Called Strike
0-2: Ball
1-2: Ball
2-2: Ball
3-2: Strikes out swinging
Batting: RHB David Harris 0-0: Called Strike
0-1: Ball
1-1: Ball
2-1: Foul Ball, location: 9LDF
2-2: Foul Ball, location: 9LDF
2-2: Foul Ball, location: 2F
2-2: Ball
3-2: Foul Ball, location: 2F
3-2: Foul Ball, location: 2F
3-2: Foul Ball, location: 2F
3-2: Base on Balls
Batting: RHB Bert Acheson 0-0: Ground out 6-3 (Groundball, 6S, EV 75.6 MPH)
David Harris to second
Batting: RHB Edgardo Pérez 0-0: Ball
1-0: Called Strike
1-1: Ground out 6-3 (Groundball, 6, EV 93.8 MPH)
Top of the 1st over - 0 runs, 0 hits, 0 errors, 1 left on base; Kansas City 0 - Miami 0
BOTTOM OF THE 1ST
Miami Marlins batting - Pitching for Kansas City Royals : RHP Ronald Coleman
Pitching: RHP Ronald Coleman
Batting: LHB Javier Gonzáles 0-0: Swinging Strike
0-1: Ball
1-1: Ball
2-1: Ground out 4-3 (Groundball, 4, EV 102.5 MPH)
Batting: LHB Ray Turner 0-0: Ball
1-0: Ground out 6-3 (Groundball, 6, EV 110.0 MPH)
Batting: RHB Hidetsugu Fujii 0-0: Ball
1-0: Foul Ball, location: 7LMF
1-1: Ball
2-1: Called Strike
2-2: Hit by Pitch
Batting: RHB Michael Barnes 0-0: Called Strike
0-1: Fielders Choice at 2nd, 5-4 (Groundball, 56, EV 95.0 MPH)
Bottom of the 1st over - 0 runs, 0 hits, 0 errors, 1 left on base; Kansas City 0 - Miami 0
TOP OF THE 2ND
Kansas City Royals batting - Pitching for Miami Marlins : LHP Pepe Elizondo
Batting: RHB Tamuramaro Maeda 0-0: Called Strike
0-1: Foul Ball, location: 9LDF
0-2: Ball
1-2: SOLO HOME RUN (Flyball, 8RXD, EV 108.1 MPH), Distance : 433 ft
Batting: RHB Andrés Mota 0-0: Ball
1-0: Ball
2-0: Called Strike
2-1: Ball
3-1: Ground out 6-3 (Groundball, 6S, EV 71.3 MPH)
Batting: LHB Sergio Longoria 0-0: Ball
1-0: SINGLE (Groundball, 6MD, EV 109.4 MPH)
Batting: RHB Neal Martin 0-0: Called Strike
0-1: Grounds into double play, 4-6-3 (Groundball, 4, EV 105.6 MPH)
Top of the 2nd over - 1 run, 2 hits, 0 errors, 0 left on base; Kansas City 1 - Miami 0
BOTTOM OF THE 2ND
Miami Marlins batting - Pitching for Kansas City Royals : RHP Ronald Coleman
Batting: LHB Zak Tyack 0-0: Ball
1-0: Ball
2-0: Fly out, F2 (Popup, 23F, EV 80.0 MPH)
Batting: RHB David Massey 0-0: Ball
1-0: Ball
2-0: Ball
3-0: Base on Balls
Batting: RHB Emiel Moree 0-0: Ball
1-0: Ball
2-0: Ball
3-0: Called Strike
3-1: Base on Balls
David Massey to second
Batting: RHB Chuck Ellis 0-0: Called Strike
0-1: Ball
1-1: Ball
2-1: Ball
3-1: Foul Ball, location: 9LMF
3-2: SINGLE (Groundball, 6S, EV 72.5 MPH) (infield hit)
David Massey to third
Emiel Moree to second
Batting: RHB Mike Allen 0-0: Ball
1-0: Foul Ball, location: 5FF
1-1: Ground out 5-3 (Groundball, 56S, EV 68.1 MPH)
David Massey scores
Emiel Moree to third
Chuck Ellis to second
Batting: LHB Javier Gonzáles 0-0: Swinging Strike
0-1: Foul Ball, location: 3F
0-2: Ball
1-2: Ball
2-2: Strikes out swinging
Bottom of the 2nd over - 1 run, 1 hit, 0 errors, 2 left on base; Kansas City 1 - Miami 1
TOP OF THE 3RD
Kansas City Royals batting - Pitching for Miami Marlins : LHP Pepe Elizondo
Batting: RHB Jorge Morán 0-0: Foul Ball, location: 3FF
0-1: Ball
1-1: Called Strike
1-2: Foul Ball, location: 2F
1-2: Ball
2-2: Strikes out swinging
Batting: LHB Dan Heller 0-0: Ball
1-0: Ball
2-0: Called Strike
2-1: Foul Ball, location: 7LDF
2-2: Foul Ball, location: 7LMF
2-2: SINGLE (Line Drive, 6M, EV 105.0 MPH)
Batting: RHB David Harris 0-0: Called Strike
0-1: Foul Ball, location: 23F
0-2: Ball
1-2: Fly out, F9 (Flyball, 89D, EV 111.3 MPH)
Batting: RHB Bert Acheson 0-0: Swinging Strike
0-1: Ball
1-1: Ball
2-1: Swinging Strike
2-2: Ball
3-2: Foul Ball, location: 2F
3-2: Strikes out swinging
Top of the 3rd over - 0 runs, 1 hit, 0 errors, 1 left on base; Kansas City 1 - Miami 1
BOTTOM OF THE 3RD
Miami Marlins batting - Pitching for Kansas City Royals : RHP Ronald Coleman
Batting: LHB Ray Turner 0-0: Ball
1-0: Foul Ball, location: 7LSF
1-1: Swinging Strike
1-2: Strikes out swinging
Batting: RHB Hidetsugu Fujii 0-0: SOLO HOME RUN (Flyball, 7LD, EV 98.1 MPH), Distance : 390 ft
Batting: RHB Michael Barnes 0-0: Called Strike
0-1: Swinging Strike
0-2: Ball
1-2: Ball
2-2: Strikes out swinging
Batting: LHB Zak Tyack 0-0: Foul Ball, location: 5F
0-1: Ball
1-1: Foul Ball, location: 9LMF
1-2: Ball
2-2: Foul Ball, location: 3SF
2-2: Ball
3-2: Foul Ball, location: 9LDF
3-2: Foul Ball, location: 2F
3-2: Base on Balls
Batting: RHB David Massey 0-0: Ground out 1-3 (Groundball, 15S, EV 70.0 MPH)
Bottom of the 3rd over - 1 run, 1 hit, 0 errors, 1 left on base; Kansas City 1 - Miami 2
TOP OF THE 4TH
Kansas City Royals batting - Pitching for Miami Marlins : LHP Pepe Elizondo
Batting: RHB Edgardo Pérez 0-0: Called Strike
0-1: Ball
1-1: Ball
2-1: Called Strike
2-2: Ball
3-2: Base on Balls
Batting: RHB Tamuramaro Maeda 0-0: Ball
1-0: Called Strike
1-1: Ball
2-1: Fly out, F7 (Flyball, 7D, EV 110.0 MPH)
Batting: RHB Andrés Mota 0-0: Ball
1-0: Called Strike
1-1: Called Strike
1-2: Foul Ball, location: 2F
1-2: Strikes out swinging
Batting: LHB Sergio Longoria 0-0: Ball
1-0: Ball
2-0: Foul Ball, location: 7LDF
2-1: Foul Ball, location: 2F
2-2: Strikes out looking
Top of the 4th over - 0 runs, 0 hits, 0 errors, 1 left on base; Kansas City 1 - Miami 2
BOTTOM OF THE 4TH
Miami Marlins batting - Pitching for Kansas City Royals : RHP Ronald Coleman
Batting: RHB Emiel Moree 0-0: Called Strike
0-1: Ball
1-1: Ball
2-1: Foul Ball, location: 3F
2-2: Foul Ball, location: 23F
2-2: Foul Ball, location: 5DF
2-2: Foul Ball, location: 23FF
2-2: Ground out 5-3 (Groundball, 25, EV 88.1 MPH)
Batting: RHB Chuck Ellis 0-0: DOUBLE (Flyball, 8LXD, EV 106.3 MPH)
Batting: RHB Mike Allen 0-0: Ball
1-0: Swinging Strike
1-1: Called Strike
1-2: Strikes out swinging
Batting: LHB Javier Gonzáles 0-0: Ball
1-0: Ground out 4-3 (Groundball, 4, EV 81.9 MPH)
Bottom of the 4th over - 0 runs, 1 hit, 0 errors, 1 left on base; Kansas City 1 - Miami 2
TOP OF THE 5TH
Kansas City Royals batting - Pitching for Miami Marlins : LHP Pepe Elizondo
Batting: RHB Neal Martin 0-0: Ball
1-0: Ball
2-0: Ball
3-0: Base on Balls
Batting: RHB Jorge Morán 0-0: Ball
1-0: Swinging Strike
1-1: Called Strike
1-2: Ball
2-2: Foul Ball, location: 7LSF
2-2: Foul Ball, location: 25FF
2-2: Ground out 6-3 (Groundball, 6S, EV 68.1 MPH)
Neal Martin to second
Pitching: LHP Larry Wood
Batting: LHB Dan Heller 0-0: Ball
1-0: Ball
2-0: Foul Ball, location: 2F
2-1: Foul Ball, location: 3FF
2-2: Foul Ball, location: 9LSF
2-2: Ball
3-2: Strikes out looking
Batting: RHB David Harris 0-0: Ball
1-0: Ball
2-0: 2-RUN HOME RUN (Flyball, 7D, EV 100.0 MPH), Distance : 384 ft
Batting: RHB Bert Acheson 0-0: Swinging Strike
0-1: Called Strike
0-2: Ball
1-2: Strikes out swinging
Top of the 5th over - 2 runs, 1 hit, 0 errors, 0 left on base; Kansas City 3 - Miami 2
BOTTOM OF THE 5TH
Miami Marlins batting - Pitching for Kansas City Royals : RHP Ronald Coleman
Batting: LHB Ray Turner 0-0: Ball
1-0: Foul Ball, location: 7LMF
1-1: Ball
2-1: Called Strike
2-2: Ball
3-2: Foul Ball, location: 3F
3-2: Base on Balls
Batting: RHB Hidetsugu Fujii 0-0: Called Strike
0-1: Ball
1-1: Foul Ball, location: 2F
1-2: Strikes out swinging
Batting: RHB Michael Barnes 0-0: Ball
1-0: Fielders Choice at 2nd, 3-6 (Groundball, 3S, EV 81.3 MPH)
Batting: LHB Zak Tyack 0-0: Foul Ball, location: 3F
0-1: Fly out, F9 (Flyball, 9D, EV 96.3 MPH)
Bottom of the 5th over - 0 runs, 0 hits, 0 errors, 1 left on base; Kansas City 3 - Miami 2
TOP OF THE 6TH
Kansas City Royals batting - Pitching for Miami Marlins : LHP Larry Wood
Batting: RHB Edgardo Pérez 0-0: Called Strike
0-1: Foul Ball, location: 2RF
0-2: Ball
1-2: Ball
2-2: Fly out, F7 (Flyball, 78S, EV 89.4 MPH)
Batting: RHB Tamuramaro Maeda 0-0: Called Strike
0-1: Foul Ball, location: 2LF
0-2: Ball
1-2: Strikes out swinging
Batting: RHB Andrés Mota 0-0: Called Strike
0-1: Ball
1-1: Ball
2-1: Called Strike
2-2: Foul Ball, location: 9LDF
2-2: Ball
3-2: Strikes out looking
Top of the 6th over - 0 runs, 0 hits, 0 errors, 0 left on base; Kansas City 3 - Miami 2
BOTTOM OF THE 6TH
Miami Marlins batting - Pitching for Kansas City Royals : RHP Ronald Coleman
Batting: RHB David Massey 0-0: Ball
1-0: SINGLE (Flyball, 4MD, EV 91.3 MPH)
Batting: RHB Emiel Moree 0-0: Ball
1-0: Ball
2-0: Called Strike
2-1: Swinging Strike
2-2: Strikes out swinging
Batting: RHB Chuck Ellis 0-0: Ball
1-0: Ball
2-0: Foul Ball, location: 23FF
2-1: Fly out, F7 (Line Drive, 7, EV 90.0 MPH)
Batting: RHB Mike Allen 0-0: Ball
1-0: Ball
2-0: Called Strike
2-1: TRIPLE (Line Drive, 9LD, EV 98.8 MPH)
David Massey scores
Pitching: LHP Takiji Miura
Batting: LHB Javier Gonzáles 0-0: Ball
1-0: SINGLE (Groundball, 6MS, EV 61.9 MPH) (infield hit)
Mike Allen scores
Batting: LHB Ray Turner 0-0: Called Strike
0-1: Ball
1-1: Foul Ball, location: 23F
1-2: SINGLE (Line Drive, 9S, EV 101.9 MPH)
Javier Gonzáles to second
Batting: RHB Hidetsugu Fujii 0-0: Ball
1-0: 3-RUN HOME RUN (Flyball, 9LD, EV 96.3 MPH), Distance : 364 ft
Pitching: RHP Wallace Williams
Batting: RHB Michael Barnes 0-0: Ball
1-0: Ball
2-0: Ball
3-0: Called Strike
3-1: Foul Ball, location: 23FF
3-2: Fly out, F8 (Flyball, 8LXD, EV 111.9 MPH)
Bottom of the 6th over - 5 runs, 5 hits, 0 errors, 0 left on base; Kansas City 3 - Miami 7
TOP OF THE 7TH
Kansas City Royals batting - Pitching for Miami Marlins : LHP Larry Wood
Batting: LHB Sergio Longoria 0-0: Ball
1-0: Ball
2-0: Foul Ball, location: 3FF
2-1: Foul Ball, location: 2F
2-2: Ball
3-2: Foul Ball, location: 5F
3-2: Foul Ball, location: 7LMF
3-2: Fly out, F8 (Flyball, 8LM, EV 84.4 MPH)
Batting: RHB Neal Martin 0-0: Ball
1-0: Ball
2-0: Called Strike
2-1: Ball
3-1: DOUBLE (Line Drive, 89D, EV 100.6 MPH)
Pitching: LHP Drew Griggs
Batting: RHB Jorge Morán 0-0: Called Strike
0-1: SINGLE (Line Drive, 89S, EV 86.3 MPH)
Neal Martin to third
Pitching: RHP Randolph Waddington
Batting: LHB Dan Heller 0-0: Foul Ball, location: 9LSF
0-1: Ball
1-1: Ball
2-1: Ball
3-1: Base on Balls
Jorge Morán to second
Batting: RHB David Harris 0-0: Foul Ball, location: 9LSF
0-1: Ball
1-1: Foul Ball, location: 2F
1-2: Ball
2-2: DOUBLE (Line Drive, 7LM, EV 108.1 MPH)
Neal Martin scores
Jorge Morán scores
Dan Heller to third
Runner from 3rd tries for Home, SAFE, throw by LF to home
Batting: RHB Bert Acheson 0-0: Ball
1-0: Swinging Strike
1-1: Ball
2-1: Foul Ball, location: 2F
2-2: Ball
3-2: Base on Balls
Batting: RHB Edgardo Pérez 0-0: Ground out 4-3 (Groundball, 4MD, EV 107.5 MPH)
David Harris to third
Bert Acheson to second
Batting: RHB Tamuramaro Maeda 0-0: Called Strike
0-1: Ball
1-1: Fly out, F7 (Flyball, 78M, EV 90.6 MPH)
Top of the 7th over - 3 runs, 3 hits, 0 errors, 2 left on base; Kansas City 6 - Miami 7
BOTTOM OF THE 7TH
Miami Marlins batting - Pitching for Kansas City Royals : RHP Wallace Williams
Batting: LHB Zak Tyack 0-0: Ball
1-0: Called Strike
1-1: Swinging Strike
1-2: Ball
2-2: Strikes out swinging
Batting: RHB David Massey 0-0: Fly out, F2 (Popup, 2RF, EV 85.6 MPH)
Batting: RHB Emiel Moree 0-0: Swinging Strike
0-1: Called Strike
0-2: Strikes out swinging
Bottom of the 7th over - 0 runs, 0 hits, 0 errors, 0 left on base; Kansas City 6 - Miami 7
TOP OF THE 8TH
Kansas City Royals batting - Pitching for Miami Marlins : RHP Randolph Waddington
Now in CF: Francisco Vega
Now in RF: Javier Gonzáles
Batting: RHB Andrés Mota 0-0: Called Strike
0-1: Swinging Strike
0-2: Fly out, F9 (Flyball, 9, EV 87.5 MPH)
Batting: LHB Sergio Longoria 0-0: Fly out, F6 (Line Drive, 6, EV 66.9 MPH)
Batting: RHB Neal Martin 0-0: Foul Ball, location: 3F
0-1: Ball
1-1: Fly out, F4 (Line Drive, 4MD, EV 67.5 MPH)
Top of the 8th over - 0 runs, 0 hits, 0 errors, 0 left on base; Kansas City 6 - Miami 7
BOTTOM OF THE 8TH
Miami Marlins batting - Pitching for Kansas City Royals : RHP Wallace Williams
Batting: RHB Chuck Ellis 0-0: Ball
1-0: Ball
2-0: Ball
3-0: Base on Balls
Batting: RHB Mike Allen 0-0: Called Strike
0-1: Ball
Wild Pitch!
Chuck Ellis to second
1-1: Ball
2-1: Swinging Strike
2-2: Fly out, F7 (Flyball, 7LS, EV 86.9 MPH)
Batting: LHB Javier Gonzáles 0-0: Fly out, F7 (Flyball, 78S, EV 94.4 MPH)
Batting: LHB Ray Turner 0-0: Called Strike
0-1: Foul Ball, location: 7LSF
0-2: Strikes out looking
Bottom of the 8th over - 0 runs, 0 hits, 0 errors, 1 left on base; Kansas City 6 - Miami 7
TOP OF THE 9TH
Kansas City Royals batting - Pitching for Miami Marlins : RHP Randolph Waddington
Batting: RHB Jorge Morán 0-0: Called Strike
0-1: Ball
1-1: Called Strike
1-2: Ball
2-2: Strikes out swinging
Batting: LHB Dan Heller 0-0: Foul Ball, location: 2F
0-1: Ball
1-1: Called Strike
1-2: Ball
2-2: Foul Ball, location: 7LSF
2-2: Fly out, F8 (Flyball, 8RD, EV 91.9 MPH)
Pitching: RHP Francis Norman
Batting: RHB David Harris 0-0: Foul Ball, location: 23FF
0-1: Swinging Strike
0-2: Ball
1-2: Strikes out swinging
Top of the 9th over - 0 runs, 0 hits, 0 errors, 0 left on base; Kansas City 6 - Miami 7
Wednesday, April 10th , 2024 - OOTP Baseball 24.10 Build 82